 Dungeon Crawl Stone Soup version 0.31.0-32-g396128a36d (webtiles) character file.

Game seed: 15214076463557619086

67 Alphaeus the Changeling (level 4, -5/22 HPs)
             Began as a Spriggan Shapeshifter on Mar 19, 2024.
             Killed by nerve-wracking pain
             ... invoked by an orc priest
              (13 damage)
             ... on level 3 of the Dungeon.
             The game lasted 00:01:33 (1723 turns).

Alphaeus the Changeling (Spriggan Shapeshifter)     Turns: 1723, Time: 00:01:34

Health: -5/22      AC:  2    Str: 12    XL:     4   Next: 0%
Magic:  5/5        EV: 17    Int: 11    God:
Gold:   106        SH:  0    Dex: 14    Spells: 3/3 levels left

rFire   + .          .
                       - Unarmed
rCold   . . .        (no shield)
rNeg    . . .        a - +0 animal skin
rPois   .            (helmet currently unavailable)
rElec   .            (cloak currently unavailable)
rCorr   .            (gloves unavailable)
SInv    +            (boots unavailable)
Will    .....        (no amulet)
Stlth   +            g - ring of protection from fire
HPRegen 0.23/turn    (no ring)
MPRegen 0.09/turn

%: no passive effects
@: beast-form, very quick
A: beast (slay +2), very small, no large weapons, unfitting armour, see
invisible, speed 3
a: Begin Untransformation


You were on level 3 of the Dungeon.
You were a hulking beast.
You visited 1 branch of the dungeon, and saw 3 of its levels.

You collected 106 gold pieces.

Inventory:

Missiles
 m - a throwing net (quivered)
Armour
 a - a +0 animal skin (worn)
Jewellery
 g - a ring of protection from fire (left hand)
Talismans
 c - a beast talisman
 d - a flux talisman
Scrolls
 f - 2 scrolls of fear {unknown}
 h - a scroll of immolation {unknown}
 j - a scroll of noise {unknown}
 k - a scroll of blinking {unknown}
Potions
 b - 2 potions of lignification
 e - a potion of attraction {unknown}
 i - 2 potions of degeneration {unknown}
 l - a potion of brilliance {unknown}


   Skills:
 + Level 1.3 Fighting
 + Level 3.4 Dodging
 * Level 3.0 Unarmed Combat
 * Level 4.8 Shapeshifting


You had 3 spell levels left.
You didn't know any spells.
Your spell library was empty.

Dungeon Overview and Level Annotations

Branches:
Dungeon (3/15)

Altars:
Vehumet


Innate Abilities, Weirdness & Mutations

You are a hulking beast.
Your limbs bulge with bestial killing power. (Slay +2)
You are very small and have problems with some larger weapons.
You are too small for most types of armour.
You have supernaturally acute eyesight. (SInv)
You cover ground extremely quickly. (Speed+++)


Message History

The gnoll moves out of view.
A gnoll comes into view. It is wielding a +0 flail.
An orc and an orc wizard come into view.
The gnoll shouts!
The orc wizard shouts!
An orc comes into view. It is wielding a +0 whip.
Found a stone staircase leading down.
The orc shouts!
The gnoll misses you.
The gnoll throws a throwing net.
The throwing net closely misses you.
You see here a scroll labelled DOHINA DEURGHOT.
You see here a throwing net.
m - a throwing net You hit the gnoll.
The gnoll is moderately wounded.
You hit the orc.
The orc is moderately wounded.
The gnoll completely misses you. The orc closely misses you.
You hit the gnoll.
The gnoll is severely wounded.
The gnoll misses you. The orc closely misses you.
You punch the gnoll!
You kill the gnoll!
The orc attacks as it pursues you! The orc misses you.
You hit the orc.
You kill the orc!
You have reached level 4!
You closely miss the gnoll. The gnoll misses you.
You completely miss the gnoll. You hit the orc priest.
The orc priest is moderately wounded.
The gnoll hits you with a +0 whip!
The orc priest hits you with a +0 hand axe.
You closely miss the orc priest.
The orc priest is moderately wounded.
The gnoll misses you.
The orc priest hits you with a +0 hand axe.
The orc priest invokes the aid of Beogh against you.
Pain shoots through your body!
Ouch! That really hurt!
You die...

...# #go# #.# ...# #..#
#.# ...+ #.g# #.# ...#
#..# #.## ...##
##.?####.o# ....#
#...oo.o.g# ....####
#########o## ..).##.##
#####...##..# ##..#...##
#..h.g......#
#...#.#.#####.###...##.##
#...#..................#
#...###.##.#######.#####
#...#...###.# #.#
#....... ..# #.# #...####
#### #.# ....# .# ###.#


You could see an orc priest and a gnoll.

Vanquished Creatures
  A gnoll (D:3)
  An adder (D:2)
  4 orcs (D:3)
  6 ball pythons
  2 bats (D:1)
  4 endoplasms
  2 giant cockroaches
  2 goblins
  3 hobgoblins
  2 quokkas (D:2)
  2 frilled lizards (D:1)
  8 kobolds
  6 rats
43 creatures vanquished.

Notes
Turn   | Place    | Note
-------+----------+-------------------------------------------
     0 | D:1      | Alphaeus the Spriggan Shapeshifter began the quest for the
                  | Orb.
     0 | D:1      | Reached XP level 1. HP: 9/9 MP: 2/2
   198 | D:1      | Reached skill level 1 in Fighting
   198 | D:1      | Reached XP level 2. HP: 14/14 MP: 3/3
   913 | D:2      | Reached XP level 3. HP: 9/18 MP: 4/4
  1515 | D:3      | Found a radiant altar of Vehumet.
  1718 | D:3      | Reached XP level 4. HP: 22/22 MP: 5/5
  1723 | D:3      | Killed from afar by an orc priest

Illustrated notes

Levels and vault maps discovered:
D:1:      dpeg_arrival_three_bigger_balls, layout_loops_ring,
          hangedman_decor_growths
D:2:      layout_loops_cross, nicolae_elevator_lobby_plus
D:3:      kennysheep_six_static_rooms, layout_loops_ring, marbit_many_paths,
          uniq_sigmund, uniq_jessica

Skill      XL: |  1  2  3 |
---------------+----------+-----
Fighting       | 1 |  1.3
Dodging        | 3 |  3.4
Unarmed Combat | 3 |  3.0
Shapeshifting  | |  4.8

Action                     |  1- 3 |  4- 6 || total
---------------------------+-------+-------++-------
  Melee: Unarmed           |   115 |     4 ||   119
         Punch             |     3 |       ||     3
   Stab: Sleeping          |     2 |       ||     2
         Distracted        |     1 |       ||     1
 Armour: Animal skin       |    30 |     3 ||    33
  Dodge: Dodged            |    91 |     2 ||    93
